 Dungeon Crawl Stone Soup version 0.19.0-18-g426998a (console) character file.

895 vible the Cleaver (level 8, -1/62 HPs)
             Began as a Hill Orc Skald on Nov 10, 2016.
             Was an Initiate of Beogh.
             Slain by Dowan
             ... wielding the +9 dagger of the Thoughtful Lies {elec, rN+ Int+2}
              (14 damage)
             ... on level 5 of the Dungeon on Nov 11, 2016.
             The game lasted 00:20:27 (4692 turns).

vible the Cleaver (Hill Orc Skald)                  Turns: 4692, Time: 00:20:28

Health: -1/62      AC: 11    Str: 15    XL:     8   Next: 6%
Magic:  10/10      EV:  7    Int: 12    God:    Beogh [......]
Gold:   283        SH:  0    Dex: 16    Spells: 3 memorised, 5 levels left

rFire  . . .     SeeInvis .     a - +0 hand axe
rCold  + . .     Gourm    .     D - +0 chain mail
rNeg   . . .     Faith    .     (no shield)
rPois  .         Spirit   .     y - +0 helmet
rElec  .         Reflect  .     (no cloak)
rCorr  .         Harm     .     x - +0 pair of gloves
MR     .....                    (no boots)
Stlth  ..........               (no amulet)
                                C - ring of protection from cold
                                X - +4 ring of dexterity

@: confused, about to teleport
A: no striking features
a: Renounce Religion


You were on level 5 of the Dungeon.
You worshipped Beogh.
Beogh was noncommittal.
You were not hungry.

You visited 1 branch of the dungeon, and saw 5 of its levels.

You collected 283 gold pieces.


   Skills:
 - Level 2.4 Fighting
 * Level 10.8 Axes
 + Level 3.9 Armour
 - Level 0.7 Dodging
 - Level 1.5 Spellcasting
 - Level 2.6 Charms


You had 5 spell levels left.
You knew the following spells:

 Your Spells              Type           Power        Failure   Level  Hunger
o - Infusion              Chrm           #...         99%         1    ##.....
r - Repel Missiles        Chrm/Air       #.....       100%        2    ###....
u - Shroud of Golubria    Chrm/Tloc      #.........   100%        2    ###....

Inventory:

Hand Weapons
 a - a +0 hand axe (weapon)
 b - a +0 hunting sling
 t - a +2 dagger of electrocution
Missiles
 n - 151 stones (quivered)
 p - 2 tomahawks
Armour
 k - a +0 leather armour
 q - a +0 leather armour
 x - a +0 pair of gloves (worn)
 y - a +0 helmet (worn)
 D - a +0 chain mail (worn)
Jewellery
 C - a ring of protection from cold (right hand)
 F - an uncursed ring of fire
 R - an uncursed ring of resist corrosion
 X - a +4 ring of dexterity (left hand)
Scrolls
 e - a scroll of magic mapping
 h - a scroll of blinking {unknown}
 m - a scroll of noise {!r}
 o - a scroll of random uselessness {unknown}
 v - a scroll of fog {unknown}
 w - 2 scrolls of amnesia
Potions
 g - 2 potions of might
 i - a potion of flight {unknown}
 r - a potion of degeneration {!q}
 A - a potion of curing {@q1}
 B - a potion of lignification {!q}
Books
 c - a book of Battle

   Spells                             Type                      Level
   a - Infusion                       Charms                       1
   b - Shroud of Golubria             Charms/Translocation         2
   c - Song of Slaying                Charms                       2
   d - Spectral Weapon                Hexes/Charms                 3
   e - Regeneration                   Charms/Necromancy            3
 f - a book of Minor Magic

   Spells                             Type                      Level
   a - Magic Dart                     Conjuration                  1
   b - Blink                          Translocation                2
   c - Call Imp                       Summoning                    2
   d - Repel Missiles                 Charms/Air                   2
   e - Slow                           Hexes                        2
   f - Conjure Flame                  Conjuration/Fire             3
   g - Mephitic Cloud                 Conjuration/Poison/Air       3
Comestibles
 d - 5 bread rations {@e1}
 s - 2 meat rations {@e1}
 u - 2 royal jellies {@e3}
 z - 2 fruits {@e2}
 E - 6 chunks of flesh

#.# #.##.# .# #|#
#.##.##.### #)#
#.##......# #.#
##.#...###.###.
#.####......###.....
#....#..#.......###.
####.#..##..........
#.#..####.(.##.##
#.#..@e.(........
#.##>.g........##
#.###..#######)# #.#
#..# .# ### #.# #..#
# #.. #.# #..# #
##.# #.# #..#
###.##... #.# #...
.......# #.# ####
#.##..###


You could see Dowan and a hobgoblin.


Message History

Dowan mumbles some strange words.
Dowan blinks!
The hobgoblin shouts!
Throwing (i - inventory. (,) - cycle):
G - a throwing net (quivered)
Press: ? - help, Shift-Dir - straight line, f/p - Dowan
Aim: Dowan, wielding a steaming dagger {elec} and wearing a robe (fast)
You throw a throwing net. The throwing net hits Dowan.
Dowan is caught in the net!
Dowan casts a spell.
Dowan blinks!
Dowan gestures wildly while chanting.
Dowan hits you with a steaming dagger {elec}.
Dowan hits you but does no damage.
You are electrocuted!
You see here a throwing net.
Okay, then.
Dowan hits you but does no damage.
You are electrocuted!
* * * LOW HITPOINT WARNING * * *
As you read the scroll of teleportation {@r4}, it crumbles to dust.
You feel strangely unstable. Dowan barely misses you.
Dowan says, "Her death will not be in vain!"
Dowan hits you with a steaming dagger {elec}.
* * * LOW HITPOINT WARNING * * *
You are confused.
You feel invigorated.
Dowan shakes with grief.
Dowan hits you but does no damage.
You are electrocuted!
You die...

Action                   |  1- 3 |  4- 6 |  7- 9 || total
-------------------------+-------+-------+-------++-------
Melee: Hand axe          |   100 |   222 |   145 ||   467
 Fire: Hunting sling     |    14 |       |     4 ||    18
Throw: Throwing net      |       |       |     2 ||     2
 Cast: Infusion          |     3 |     4 |       ||     7
       Shroud of Golubri |     2 |     1 |       ||     3
       Repel Missiles    |       |     1 |       ||     1
Invok: Convert to Beogh  |       |     1 |       ||     1
  Use: Scroll            |       |    11 |     1 ||    12
       Potion            |       |     2 |     3 ||     5
 Stab: Sleeping          |       |     1 |       ||     1
  Eat: Chunk             |     2 |     8 |     3 ||    13
Armor: Leather armour    |    57 |    55 |       ||   112
       Chain mail        |       |     6 |    60 ||    66
Dodge: Dodged            |    90 |   130 |    26 ||   246
       Deflected         |       |     1 |     1 ||     2

Vault maps used:
D:1:      doesnt_arrival_goblin_jail
D:2:      kiku_gazebo_pond_becter, first_bread, serial_forest,
          infiniplex_forest_end_3, infiniplex_forest_lined_2,
          infiniplex_forest_end_2, infiniplex_forest_straight_1,
          infiniplex_forest_lined_room_3, infiniplex_forest_lined_corner,
          infiniplex_forest_corner_1, infiniplex_forest_clump_tiny
D:3:      minmay_crystal_room
D:4:      xom_teletrap_fun, serial_bayou_ford_a, uniq_robin
D:5:      lemuel_angel_altar, uniq_blork_the_orc, uniq_sigmund, uniq_edmund,
          uniq_duvessa, uniq_eustachio

Notes
Turn   | Place    | Note
-------+----------+-------------------------------------------
     0 | D:1      | vible the Hill Orc Skald began the quest for the Orb.
     0 | D:1      | Reached XP level 1. HP: 18/18 MP: 3/3
     0 | D:1      | Upgraded the game from 0.19.0-16-g73b5abf to 0.19.0-18-g426998a
    67 | D:1      | Reached skill level 3 in Axes
   196 | D:1      | Reached XP level 2. HP: 25/25 MP: 4/4
   375 | D:1      | Reached skill level 4 in Axes
   867 | D:2      | Reached XP level 3. HP: 30/30 MP: 5/5
   898 | D:2      | Found an ancient bone altar of Kikubaaqudgha.
  1083 | D:2      | Reached skill level 5 in Axes
  1090 | D:2      | Learned a level 2 spell: Shroud of Golubria
  1493 | D:2      | Reached XP level 4. HP: 37/37 MP: 0/6
  2005 | D:3      | Reached skill level 6 in Axes
  2908 | D:4      | Reached XP level 5. HP: 39/42 MP: 7/7
  2943 | D:4      | Reached skill level 7 in Axes
  3101 | D:4      | Learned a level 2 spell: Repel Missiles
  3170 | D:4      | Became a worshipper of Beogh the Brigand
  3171 | D:4      | Noticed Robin
  3203 | D:4      | Killed Robin
  3382 | D:4      | Found a shimmering altar of Xom.
  3525 | D:4      | Noticed a phantom
  3576 | D:4      | Killed a phantom
  3576 | D:4      | Reached skill level 8 in Axes
  3576 | D:4      | Reached XP level 6. HP: 39/50 MP: 1/8
  4032 | D:5      | Entered Level 5 of the Dungeon
  4032 | D:5      | Noticed Edmund
  4041 | D:4      | Killed Edmund
  4041 | D:4      | Reached skill level 9 in Axes
  4041 | D:4      | Reached skill level 2 in Armour
  4086 | D:5      | Noticed Duvessa
  4088 | D:5      | Noticed Dowan
  4092 | D:4      | Reached XP level 7. HP: 56/56 MP: 9/9
  4391 | D:5      | Reached skill level 10 in Axes
  4464 | D:5      | Noticed Blork the orc
  4474 | D:5      | Killed Blork the orc
  4474 | D:5      | Reached skill level 3 in Armour
  4597 | D:5      | HP: 5/56 [Duvessa/short sword (5)]
  4610 | D:5      | Killed Duvessa
  4610 | D:5      | Reached XP level 8. HP: 49/62 MP: 10/10
  4692 | D:5      | Identified the +9 dagger of the Thoughtful Lies {elec, rN+ Int+2}
  4692 | D:5      | Slain by Dowan

Vanquished Creatures
  Edmund (D:4)
  Duvessa (D:5)
  An ogre (D:5)
  A phantom (D:4)
  A centaur (D:5)
  Blork the orc (D:5)
  A gnoll shaman (D:5)
  2 bullfrog skeletons
  3 worker ants
  Robin (D:4)
  A worker ant zombie (D:5)
  A howler monkey skeleton (D:4)
  4 gnolls
  5 adders
  A worm (D:5)
  4 dart slugs
  A leopard gecko (D:1)
  5 orcs
  7 giant cockroaches
  16 goblins
  4 hobgoblins
  7 jackals
  A quokka (D:3)
  A ball python (D:1)
  8 bats
  5 frilled lizards
  4 kobolds
  A leopard gecko skeleton (D:4)
  7 rats
96 creatures vanquished.

Vanquished Creatures (others)
  An orc (D:4)
  A giant cockroach (D:4)
  5 goblins (D:4)
  A jackal (D:4)
8 creatures vanquished.

Grand Total: 104 creatures vanquished
